 Dungeon Crawl Stone Soup version 0.25-a0-869-g05d4e06a41 (webtiles) character file.

Game seed: 4549049782054963473, levelgen mode: classic

134591 gruber the Cutthroat (level 17, 103/112 HPs)
             Began as a Kobold Berserker on July 10, 2019.
             Was a High Priest of Trog.
             Quit the game on level 1 of the Spider Nest on Apr 30, 2020.
             The game lasted 01:22:04 (38677 turns).

gruber the Cutthroat (Kobold Berserker)            Turns: 38677, Time: 01:22:05

Health: 103/112    AC: 15    Str: 14    XL:     17   Next: 75%
Magic:  6/6        EV: 24    Int:  9    God:    Trog [*****.]
Gold:   2959       SH:  9    Dex: 21    Spells: 16/16 levels left

rFire    + . .     SeeInvis .   N - +6 quick blade (antimagic)
rCold    . . .     Gourm    .   L - +0 buckler
rNeg     . . .     Faith    .   O - +1 ring mail {rPois}
rPois    +         Spirit   .   H - +0 helmet
rElec    .         Reflect  +   s - +2 cloak
rCorr    .         Harm     .   t - +0 pair of gloves
MR       +....                  q - +0 pair of boots
Stlth    ++++++....             P - +2 amulet of reflection
HPRegen  0.28/turn              S - ring of protection from fire
MPRegen  0.10/turn              u - +4 ring of slaying

@: no status effects
A: small, carnivore
a: Berserk, Trog's Hand, Brothers in Arms, Renounce Religion


You were on level 1 of the Spider Nest.
You worshipped Trog.
Trog was extremely pleased with you.
You were not hungry.

You visited 5 branches of the dungeon, and saw 27 of its levels.
You also visited: Gauntlet and Ice Cave.

You collected 3147 gold pieces.
You spent 188 gold pieces at shops.

Inventory:

Hand Weapons
 N - a +6 antimagic quick blade (weapon)
 W - a +2 dagger of electrocution
 X - the +3 dagger "Etahaig" {vorpal, rC+ Int+6 Dex-3 SInv}
   (You found it in an ice cave)

   It inflicts extra damage upon your enemies.
   It affects your intelligence (+6).
   It affects your dexterity (-3).
   It protects you from cold.
   It lets you see invisible.
Missiles
 p - 102 poisoned darts (quivered)
 V - 4 datura-tipped darts
Armour
 q - a +0 pair of boots (worn)
 s - a +2 cloak (worn)
 t - a +0 pair of gloves (worn)
 H - a +0 helmet (worn)
 L - a +0 buckler (worn)
 O - a +1 ring mail of poison resistance (worn)
Jewellery
 j - an uncursed ring of resist corrosion
 u - a +4 ring of slaying (right hand)
 v - an uncursed ring of positive energy
 P - a +2 amulet of reflection (around neck)
 S - a ring of protection from fire (left hand)
Wands
 i - a wand of digging (7)
 m - a wand of clouds (5)
 E - a wand of iceblast (17)
 F - a wand of scattershot (2)
 J - a wand of acid (34)
 R - a wand of enslavement (5)
Scrolls
 a - 2 scrolls of immolation
 f - 3 scrolls of enchant weapon
 h - 4 scrolls of amnesia
 l - 4 scrolls of fear
 o - 3 scrolls of magic mapping
 y - 16 scrolls of remove curse
 A - 8 scrolls of teleportation
 B - 5 scrolls of random uselessness {unknown}
 C - 3 scrolls of fog {unknown}
 I - 6 scrolls of blinking {unknown}
 Q - 3 scrolls of holy word {unknown}
 Z - 4 scrolls of enchant armour {unknown}
Potions
 b - a potion of invisibility
 d - 2 potions of stabbing
 e - 5 potions of heal wounds
 g - a potion of berserk rage
 k - 8 potions of curing
 n - 6 potions of might
 w - 8 potions of lignification
 x - 4 potions of resistance
 D - 3 potions of haste
 G - 4 potions of mutation
 K - a potion of ambrosia
 M - 6 potions of brilliance
 T - 2 potions of cancellation
 U - a potion of magic
 Y - 3 potions of flight {unknown}
Comestibles
 c - 34 rations


   Skills:
 * Level 14.7 Fighting
 - Level 22.0 Short Blades
 - Level 9.0 Armour
 - Level 13.0 Dodging
 - Level 16.0 Stealth
 - Level 5.6 Shields
 - Level 3.4 Evocations


You had 16 spell levels left.
You didn't know any spells.
Your spell library was empty.

Dungeon Overview and Level Annotations

Branches:
Dungeon (15/15)            Temple (0/1) D:4            Lair (6/6) D:11
 Shoals (2/4) Lair:2       Spider (2/4) Lair:3        Slime (0/5) Lair:5
    Orc (2/2) D:10            Elf (0/3) Orc:2        Vaults (0/5) D:14
 Depths (0/5) D:15

Altars:
Ashenzari
Cheibriados
Dithmenos
Elyvilon
Fedhas
Gozag
Kikubaaqudgha
Makhleb
Okawaru
Trog
Uskayaw
Vehumet
Wu Jian
Yredelemnul
Jiyva

Shops:
D:5 ?   D:8 :   D:9 *   D:10 }   Orc:2 :(*[

Portals:
Trove: D:10 (give +3 fire dragon scales)

Annotations:
D:7 2 transporters
D:9 1 runed translucent door
Lair:3 exclusion: 2 oklob plants


Innate Abilities, Weirdness & Mutations

You are small and have problems with some larger weapons.
You are carnivorous and can eat meat at any time.


Message History

The orb spider weaves a glowing orb of energy.
An orb of destruction comes into view.
You climb upwards.
There is a stone staircase leading down here.
You climb downwards.
There is a stone staircase leading up here.
The orb spider pulsates with a strange energy.
The orb spider spins a strand of pure energy.
The jumping spider hisses angrily.
You puncture the redback!
The redback is heavily wounded.
The jumping spider leaps!
You block the redback's attack. The redback bites you.
There is a stone staircase leading up here.
The jumping spider leaps!
The redback bites you but does no damage.
You climb upwards.
There is a stone staircase leading down here.
Unknown command.
Are you sure you want to abandon this character and quit the game? (Confirm with "yes".)

....# #.##...........###.......##
..[.#####..............#.......##
...###.#...............^##.......
###.#..##............#..#######..
###...###......................^.
##.......##..........#....######.
....)....####.......###.### #.
#..........###......###.## ##^
............###.@s...###^# ##..
.#...........##.......##.#####.#.
.#......................#.....###
..............#.##.......####.#..
.##..........###.#.........##....
.###........######.........#.#...
..##.......###.##..........#.....
...##......##..###.........#.....
...#.#....##...###.........^.....


You could see a redback.

Vanquished Creatures
  Rupert (D:13)
  Agnes (Spider:1)
  A fire giant (D:15)
  An orc warlord (Orc:2)
  An entropy weaver (Spider:2)
  Nessos (Lair:5)
  A minotaur (Gauntlet)
  Josephine (Lair:4)
  Harold (D:7)
  Erolcha (D:9)
  An ice dragon (Lair:5)
  5 vault guards
  9 hydras
  Erica (Lair:1)
  A merfolk aquamancer (Shoals:1)
  6 two-headed ogres
  3 orc high priests
  Sonja (D:13)
  3 deep elf knights (D:13)
  2 unseen horrors
  A sea snake (Shoals:1)
  A deep elf archer (D:13)
  A wizard (D:15)
  An orc knight (Orc:1)
  Pikel (D:7)
  16 deep elf magi
  9 harpies (Shoals:1)
  A necromancer (IceCv)
  5 wolf spiders
  An oklob plant (Gauntlet)
  6 orc sorcerers
  7 orb spiders (Spider:1)
  5 manticores
  A salamander (shapeshifter) (D:15)
  6 cyclopes
  A moth of wrath (Spider:2)
  An ugly thing (D:12)
  A merfolk siren (Shoals:1)
  3 centaur zombies
  Maurice (D:8)
  10 fauns (Shoals:1)
  2 black mambas (Lair:6)
  5 elephants (Lair:4)
  The ghost of Lanoc the Cudgeler, a novice GnCK of Xom (D:6)
  3 ice statues (IceCv)
  2 gargoyles
  27 spiny frogs
  2 torpor snails
  9 komodo dragons
  A rime drake (Lair:6)
  2 demonic crawlers
  4 ice devils (IceCv)
  A queen bee (D:8)
  13 trolls
  4 merfolk (Shoals:1)
  3 tyrant leeches (Lair:6)
  Prince Ribbit (D:6)
  A wind drake (Shoals:1)
  7 polar bears
  6 slime creatures (D:15)
  8 jumping spiders
  2 hornets
  28 blink frogs
  6 hippogriffs
  9 dream sheep
  3 snapping turtles (Shoals:1)
  6 water elementals (Shoals:1)
  Sigmund (D:4)
  14 redbacks
  38 yaks
  9 tarantellas
  2 vampires
  A wyvern (D:12)
  6 wraiths
  A steam dragon (Lair:3)
  2 hungry ghosts
  10 vampire mosquitoes
  Menkaure (D:4)
  2 wargs (Orc:2)
  6 soldier ants
  2 acid dragons
  3 large abominations (Gauntlet)
  16 water moccasins
  11 porcupines
  37 orc warriors
  5 ice beasts
  6 sky beasts
  A phantom (D:6)
  A black bear (shapeshifter) (D:15)
  4 black bears
  A necrophage (D:13)
  13 ogres
  An eye of draining (D:12)
  9 wolves (Lair:5)
  12 centaurs
  A big kobold (D:8)
  12 crocodiles
  29 bullfrogs
  A spiny frog simulacrum (Gauntlet)
  6 scorpions
  A water moccasin skeleton (D:9)
  3 small abominations (Gauntlet)
  54 killer bees
  5 wights (D:13)
  4 howler monkeys
  5 electric eels
  8 crimson imps
  4 draconian simulacra (IceCv)
  A bullfrog zombie (D:12)
  9 jellies
  A gnoll shaman (D:8)
  17 orc priests
  Crazy Yiuf (D:3)
  6 centaur skeletons
  4 hounds
  8 iguanas
  6 bullfrog skeletons
  18 orc wizards
  17 worker ants
  2 troll simulacra (IceCv)
  2 bullfrog simulacra (Gauntlet)
  2 centaur simulacra
  A hound zombie (D:10)
  A hound skeleton (D:11)
  22 adders
  5 gnolls (D:8)
  2 naga simulacra (IceCv)
  An ogre simulacrum (IceCv)
  5 shadow imps
  A white imp (D:6)
  An adder zombie (D:7)
  3 worms
  A dart slug (D:1)
  10 leopard geckos
  88 orcs
  4 ball pythons
  7 giant cockroaches
  6 goblins
  10 hobgoblins
  13 jackals
  7 kobolds
  6 quokkas
  9 bats
  7 frilled lizards
  A giant cockroach zombie (D:5)
  A quokka skeleton (D:4)
  7 rats
938 creatures vanquished.

Vanquished Creatures (collateral kills)
  An orc warlord (Orc:2)
  An orc knight (Orc:2)
  A faun (Shoals:1)
  2 cyclopes
  A wind drake (Shoals:1)
  3 dream sheep (Shoals:1)
  3 vampire mosquitoes (D:12)
  3 orc warriors (Orc:2)
  An orc priest (Orc:2)
  An orc wizard (Orc:2)
  3 orcs (Orc:2)
20 creatures vanquished.

Vanquished Creatures (others)
  An orc priest (Orc:2)
  An orc wizard (D:6)
  An orc (Orc:2)
  14 fungi
  64 plants
81 creatures vanquished.

Grand Total: 1039 creatures vanquished

Notes
Turn   | Place    | Note
-------+----------+-------------------------------------------
     0 | D:1      | gruber the Kobold Berserker began the quest for the Orb.
     0 | D:1      | Reached XP level 1. HP: 14/14 MP: 1/1
    78 | D:1      | Reached XP level 2. HP: 17/19 MP: 2/2
   285 | D:1      | Reached skill level 5 in Short Blades
   425 | D:1      | Reached XP level 3. HP: 23/23 MP: 3/3
   674 | D:2      | Reached ** piety under Trog
   674 | D:2      | Reached XP level 4. HP: 24/28 MP: 4/4
   742 | D:2      | Reached skill level 1 in Stealth
   871 | D:2      | Found a hide-covered altar of Uskayaw.
   913 | D:2      | Reached skill level 6 in Short Blades
   969 | D:2      | Found a radiant altar of Vehumet.
  1343 | D:2      | Reached XP level 5. HP: 27/33 MP: 5/5
  2007 | D:3      | Found a bloodstained altar of Trog.
  2292 | D:3      | Found a runed translucent door.
  2293 | D:3      | Noticed Crazy Yiuf
  2354 | D:3      | Reached *** piety under Trog
  2367 | D:3      | Reached XP level 6. HP: 38/38 MP: 6/6
  2418 | D:3      | Reached skill level 7 in Short Blades
  2782 | D:3      | Killed Crazy Yiuf
  2854 | D:4      | Noticed Sigmund
  2863 | D:4      | Killed Sigmund
  2863 | D:4      | Reached XP level 7. HP: 43/43 MP: 7/7
  2883 | D:4      | Reached skill level 8 in Short Blades
  3044 | D:4      | Noticed Menkaure
  3059 | D:4      | Killed Menkaure
  3094 | D:4      | Reached XP level 8. HP: 44/48 MP: 8/8
  3096 | D:4      | Found an iron altar of Okawaru.
  3166 | D:4      | Reached skill level 9 in Short Blades
  3166 | D:4      | Reached skill level 5 in Dodging
  3427 | D:4      | Found a staircase to the Ecumenical Temple.
  3601 | D:5      | Entered Level 5 of the Dungeon
  3656 | D:5      | Found a blossoming altar of Fedhas.
  3663 | D:5      | Found Vyugenax's Magic Scroll Emporium.
  3675 | D:5      | Bought a scroll of identify for 22 gold pieces
  3675 | D:5      | Bought a scroll of teleportation for 33 gold pieces
  3675 | D:5      | Bought a scroll of enchant weapon for 82 gold pieces
  3714 | D:5      | Found a shattered altar of Ashenzari.
  3747 | D:5      | Reached skill level 5 in Fighting
  3823 | D:5      | Found a shadowy altar of Dithmenos.
  3889 | D:5      | Reached **** piety under Trog
  4265 | D:6      | Reached skill level 10 in Short Blades
  4294 | D:6      | Reached skill level 5 in Stealth
  4297 | D:6      | Reached XP level 9. HP: 38/54 MP: 9/9
  4678 | D:6      | Noticed Prince Ribbit
  4695 | D:6      | Killed Prince Ribbit
  4801 | D:6      | Reached skill level 1 in Evocations
  5306 | D:6      | Found a runed translucent door.
  5482 | D:6      | Noticed Lanoc's ghost (novice GnCK)
  5574 | D:6      | Reached XP level 10. HP: 44/60 MP: 12/12
  5972 | D:7      | Reached ***** piety under Trog
  6012 | D:7      | Found a transporter.
  6036 | D:7      | Reached skill level 10 in Stealth
  6267 | D:7      | Found an ancient bone altar of Kikubaaqudgha.
  6453 | D:7      | Found a basalt altar of Yredelemnul.
  6456 | D:7      | Found a transporter.
  6503 | D:7      | Noticed Pikel
  6503 | D:7      | Noticed Harold
  6536 | D:7      | Killed Pikel
  6549 | D:7      | Killed Harold
  6926 | D:7      | Found a basalt altar of Yredelemnul.
  7132 | D:8      | Found a snail-covered altar of Cheibriados.
  7161 | D:8      | Noticed a two-headed ogre
  7168 | D:8      | Killed a two-headed ogre
  7168 | D:8      | Reached skill level 11 in Short Blades
  7199 | D:8      | Reached XP level 11. HP: 61/64 MP: 13/13
  7381 | D:8      | Found Ranunah's Book Shoppe.
  7451 | D:8      | Reached skill level 12 in Short Blades
  7878 | D:8      | Noticed Maurice
  7891 | D:8      | Killed Maurice
  7891 | D:8      | Reached skill level 13 in Short Blades
  8443 | D:8      | Reached skill level 14 in Short Blades
  8488 | D:8      | Found an ornate altar of the Wu Jian Council.
  8892 | D:9      | Found Ethoakh's Assorted Antiques.
  9037 | D:9      | Got a bloodstained robe
  9038 | D:9      | Identified the +1 robe of Defiance {rC+ rN+ Str+3 Int-2}
                  | (You found it on level 9 of the Dungeon)
  9181 | D:9      | Found a runed translucent gate.
  9182 | D:9      | Found a runed translucent gate.
  9187 | D:9      | Found a runed translucent door.
  9189 | D:9      | Found the +9 staff of Olgreb {rPois}
  9198 | D:9      | Noticed Erolcha
  9275 | D:9      | Killed Erolcha
  9315 | D:9      | Reached skill level 15 in Short Blades
  9525 | D:9      | Found a runed translucent gate.
  9672 | D:9      | Found a runed translucent door.
  9692 | D:9      | Found a blossoming altar of Fedhas.
  9914 | D:10     | Entered Level 10 of the Dungeon
 10025 | D:10     | Received a gift from Trog
 10080 | D:10     | Reached XP level 12. HP: 67/70 MP: 4/14
 10137 | D:10     | Reached skill level 10 in Dodging
 10218 | D:10     | Noticed a two-headed ogre
 10222 | D:10     | Killed a two-headed ogre
 10433 | D:10     | Found a staircase to the Orcish Mines.
 10630 | D:10     | Found Ududadoj's Gadget Shoppe.
 10730 | D:10     | Noticed a vault guard
 10766 | D:10     | Killed a vault guard
 10965 | D:10     | Killed an unseen horror
 10990 | D:10     | Found a portal to a secret trove of treasure.
 11585 | D:11     | Found a staircase to the Lair.
 11734 | D:11     | Found a white marble altar of Elyvilon.
 12104 | D:12     | Noticed a two-headed ogre
 12222 | D:12     | Killed a two-headed ogre
 12425 | D:12     | Received a gift from Trog
 12474 | D:12     | Reached XP level 13. HP: 80/80 MP: 15/15
 12846 | D:12     | Reached skill level 10 in Fighting
 13289 | Lair:1   | Entered Level 1 of the Lair of Beasts
 13357 | Lair:1   | Received a gift from Trog
 13455 | Lair:1   | Noticed Erica
 13476 | Lair:1   | Killed Erica
 13592 | Lair:1   | Found a frozen archway.
 13596 | IceCv    | Entered an ice cave
 14169 | IceCv    | Got a polished dagger
 14170 | IceCv    | Identified the +3 dagger "Etahaig" {pierce, rC+ Int+6 Dex-3
                  | SInv} (You found it in an ice cave)
 15069 | Lair:2   | Noticed a four-headed hydra
 15092 | Lair:2   | Killed a four-headed hydra
 15357 | Lair:2   | HP: 4/87 [poisoned by a spiny frog]
 15361 | Lair:2   | HP: 1/87 [poisoned by a spiny frog]
 15959 | Lair:2   | Reached skill level 15 in Stealth
 16189 | Lair:2   | Found a staircase to the Shoals.
 16836 | Lair:3   | Noticed a five-headed hydra
 16909 | Lair:3   | Reached XP level 14. HP: 81/92 MP: 16/16
 17182 | Lair:3   | Found a hole to the Spider Nest.
 18058 | Lair:4   | Reached skill level 16 in Short Blades
 18292 | Lair:4   | Noticed Josephine
 18322 | Lair:4   | Killed Josephine
 18366 | Lair:4   | Reached skill level 17 in Short Blades
 18791 | Lair:5   | Noticed Nessos
 18815 | Lair:5   | Killed Nessos
 18934 | Lair:5   | You fall into a shaft and drop 1 floor!
 18934 | Lair:6   | Entered Level 6 of the Lair of Beasts
 19557 | Lair:6   | Reached skill level 18 in Short Blades
 20421 | Lair:6   | Reached XP level 15. HP: 47/97 MP: 17/17
 20612 | Lair:6   | Reached skill level 19 in Short Blades
 21624 | Lair:5   | Found a viscous altar of Jiyva.
 21624 | Lair:5   | Found a staircase to the Slime Pits.
 21991 | Lair:5   | Reached skill level 20 in Short Blades
 23285 | Lair:6   | Found the +0 sword of Power
 23611 | Lair:4   | Received a gift from Trog
 24260 | Orc:1    | Entered Level 1 of the Orcish Mines
 24843 | Orc:1    | Reached skill level 21 in Short Blades
 25637 | D:13     | Noticed Sonja
 25640 | D:13     | Killed Sonja
 26168 | D:13     | Noticed Rupert
 26190 | D:13     | Killed Rupert
 26255 | D:13     | Reached skill level 22 in Short Blades
 26463 | D:13     | Reached XP level 16. HP: 102/102 MP: 18/18
 26966 | D:13     | Received a gift from Trog
 27395 | D:14     | Found an opulent altar of Gozag.
 27748 | D:14     | Found a gate to the Vaults.
 27839 | D:14     | Reached skill level 5 in Armour
 27927 | D:14     | Found a gate leading to a gauntlet.
 27933 | Gauntlet | Entered a Gauntlet
 27933 | Gauntlet | Found a transporter.
 27933 | Gauntlet | Found a transporter.
 28086 | Gauntlet | Found a transporter.
 28086 | Gauntlet | Found a transporter.
 28090 | Gauntlet | Found a transporter.
 28090 | Gauntlet | Found a transporter.
 28122 | Gauntlet | Found a transporter.
 28126 | Gauntlet | Found a transporter.
 28136 | Gauntlet | Found a runed translucent gate.
 28136 | Gauntlet | Found a runed translucent gate.
 28136 | Gauntlet | Found a runed translucent gate.
 28138 | Gauntlet | Found a transporter.
 28155 | Gauntlet | Found a transporter.
 28170 | Gauntlet | Found a transporter.
 28174 | Gauntlet | Found a transporter.
 29265 | D:15     | Entered Level 15 of the Dungeon
 29355 | D:15     | Found a staircase to the Depths.
 29355 | D:15     | Noticed a fire giant
 29362 | D:15     | Killed a fire giant
 30666 | Orc:1    | Reached skill level 1 in Shields
 30813 | Orc:2    | Entered Level 2 of the Orcish Mines
 31291 | Shoals:1 | Entered Level 1 of the Shoals
 32641 | Shoals:1 | Upgraded the game from 0.24-a0-487-g57318f2ed0 to
                  | 0.24-a0-698-g60d090ba07
 32641 | Shoals:1 | Upgraded the game from 0.24-a0-698-g60d090ba07 to
                  | 0.25-a0-869-g05d4e06a41
 32895 | Shoals:1 | Reached XP level 17. HP: 89/107 MP: 19/19
 34243 | D:6      | Killed Lanoc's ghost
 34596 | Spider:1 | Entered Level 1 of the Spider Nest
 34625 | Spider:1 | Reached skill level 5 in Shields
 35138 | Spider:1 | Noticed Agnes
 35149 | Spider:1 | Killed Agnes
 36319 | Spider:2 | Received a gift from Trog
 37073 | Orc:2    | Found Maestea's Book Boutique.
 37589 | Orc:2    | Found Zavaax's Antique Weapon Shop.
 37736 | Orc:2    | Found a staircase to the Elven Halls.
 37752 | Orc:2    | Found Qeyrei's General Store.
 37761 | Orc:2    | Received a gift from Trog
 37933 | Orc:2    | Found Udenemm's Antique Armour Shoppe.
 38047 | Orc:2    | Bought a scroll of remove curse for 51 gold pieces
 38088 | Orc:2    | Found a burning altar of Makhleb.
 38677 | Spider:1 | Quit the game

Levels and vault maps discovered:
D:1:      zelgadis_glass_arrival_large, layout_basic
D:2:      layout_basic, marbit_many_paths, vehumet_crystals
D:3:      layout_loops_ring, lightli_temple_of_fire, uniq_crazy_yiuf_cottage
D:4:      layout_cave_pools, lemuel_crystal_altar, minmay_temple_entry_trees,
          uniq_menkaure, uniq_sigmund
D:5:      layout_loops_ring, nicolae_dithmenos_the_darkroom, serial_shops,
          nicolae_shop_crystal, basic_altar, first_ration,
          corexii_leaking_fountain, kennysheep_pointless_box,
          cheibrodos_ashenzari_chains
D:6:      layout_basic, ebering_ghost_reflecting_pool, minmay_misc_feat_hallway,
          minmay_fire_ice_demons, uniq_prince_ribbit1
D:7:      layout_loops_corners, gammafunk_temple_of_torment,
          yredelemnul_altar_generic, uniq_harold, uniq_pikel
D:8:      layout_basic, cheibriados_altar_1, serial_shops, shop, david_nohive_1,
          lemuel_statue_altar, uniq_maurice
D:9:      layout_stronghold, fedhas_altar_4, serial_shops,
          nicolae_shop_overgrown_old_shop,
          minmay_guarded_unrand_staff_of_olgreb, uniq_erolcha
D:10:     minmay_the_grid_4x2 [minmay_the_grid_large_cup,
          minmay_the_grid_zigzag_pyramid, minmay_the_grid_x,
          minmay_the_grid_minigrid_small, minmay_the_grid_holed_spiral,
          minmay_the_grid_spin_star, minmay_the_grid_plusring,
          minmay_the_grid_prize_trominoes], layout_basic, orc_0_dummy,
          enter_trove_5, serial_shops, shop_fountains
D:11:     layout_roguey, lair_entry_dummy, elyvilon_altar_3
D:12:     layout_small_grid
D:13:     minmay_elf_outpost, layout_basic, hex_intersection, uniq_sonja,
          uniq_rupert
D:14:     minmay_spotlight, layout_basic, lightli_vaults_fourway_checkpoint,
          gauntlet_entry_generic, nicolae_gozag_seed_capital
D:15:     grunt_enter_depths_giant_problem, layout_loops_corners,
          chequers_mini_garden
Lair:1:   layout_regular_city, portal_ice_cave_entry_pillars_2, uniq_erica
Lair:2:   layout_chaotic_city, minmay_shoals_entry_beasts
Lair:3:   beast_lair_carwin_large_2, layout_misc_corridors,
          spider_nest_entry_funnel_web, nicolae_quartered_pool_medium,
          minmay_lair_oklob_chamber, grunt_megastairs_4
Lair:4:   layout_regular_city, st_stairs_12, uniq_josephine
Lair:5:   dragon1_lemuel, layout_gridlike, slime_altar_1,
          infiniplex_staircase_pool, uniq_nessos
Lair:6:   minmay_lair_end_frog_pond, layout_gridlike
Shoals:1: layout_shoals, nicolae_shoals_cliffside_cave
Shoals:2: layout_shoals
Spider:1: layout_chambers, drop_trap, uniq_agnes
Spider:2: layout_spider_delve
Orc:1:    layout_caves
Orc:2:    grunt_orc_gardens, layout_diamond_mine, grunt_orc_garden,
          grunt_orc_garden, grunt_orc_garden, grunt_orc_garden, basic_altar

Skill      XL: |  1  2  3  4  5  6  7  8  9 10 11 12 13 14 15 16 17 |
---------------+----------------------------------------------------+-----
Short Blades   | 5 6 7 8 10 11 15 18 22 | 22.0
Stealth        | 1 3 5 9 13 15 16 | 16.0
Dodging        | 3 4 6 8 9 13 | 13.0
Fighting       | 4 5 6 9 12 14 | 14.7
Armour         | 2 9 |  9.0
Evocations     | 3 |  3.4
Shields        | 3 5 |  5.6

Action                   |  1- 3 |  4- 6 |  7- 9 | 10-12 | 13-15 | 16-18 || total
-------------------------+-------+-------+-------+-------+-------+-------++-------
Melee: Short sword       |    15 |       |       |       |       |       ||    15
       Dagger            |    36 |   177 |   328 |   677 |  1411 |   851 ||  3480
       Rapier            |       |       |       |   122 |    97 |       ||   219
       Quick blade       |       |       |       |       |       |  1065 ||  1065
Throw: Dart              |       |       |       |       |    33 |    18 ||    51
Invok: Berserk           |     1 |     3 |     3 |     7 |    18 |     7 ||    39
       Trog's Hand       |       |     1 |       |     5 |    18 |     7 ||    31
       Brothers in Arms  |       |       |       |       |     3 |     4 ||     7
Evoke: Wand              |       |       |     1 |       |       |       ||     1
  Use: Scroll            |       |       |     3 |     4 |     9 |    10 ||    26
       Potion            |       |       |       |       |     5 |       ||     5
 Stab: Sleeping          |     3 |     5 |    12 |    53 |    48 |    35 ||   156
       Distracted        |       |       |       |     4 |    11 |     2 ||    17
  Eat: Chunk             |     8 |     5 |    14 |    32 |    64 |    47 ||   170
       Ration            |       |       |       |       |     1 |     2 ||     3
Armor: Animal skin       |     6 |    16 |    47 |    25 |       |       ||    94
       Robe              |       |       |       |    30 |   102 |       ||   132
       Ring mail         |       |       |       |       |     2 |   177 ||   179
Dodge: Dodged            |    36 |    81 |   248 |   480 |  1121 |   921 ||  2887
Block: Buckler           |       |       |       |       |       |   404 ||   404
       Reflection        |       |       |       |       |       |    15 ||    15

Table legend:
 A = Non-vault XP
 B = Vault XP
 C = Vault XP percentage of total XP
 D = Non-vault monster count
 E = Vault monster count
 F = Vault count percentage of total count
                 A         B        C        D         E       F
            +---------+---------+-------+---------+---------+-------
      Total |  114964 |   77309 |  40.2 |     717 |     242 |  25.2
            +---------+---------+-------+---------+---------+-------
        D:1 |      29 |       0 |   0.0 |      16 |       0 |   0.0
        D:2 |     108 |       2 |   1.8 |      27 |       1 |   3.6
        D:3 |     141 |      40 |  22.1 |      35 |       1 |   2.8
        D:4 |     517 |     395 |  43.3 |      36 |       2 |   5.3
        D:5 |     462 |       0 |   0.0 |      15 |       0 |   0.0
        D:6 |    2059 |     795 |  27.9 |      43 |       4 |   8.5
        D:7 |    1185 |    1390 |  54.0 |      18 |       2 |  10.0
        D:8 |    2958 |    1702 |  36.5 |      38 |      17 |  30.9
        D:9 |    2040 |    2922 |  58.9 |      19 |      25 |  56.8
       D:10 |    6547 |    3840 |  37.0 |      40 |      20 |  33.3
       D:11 |    3555 |       0 |   0.0 |      39 |       0 |   0.0
       D:12 |    5372 |       0 |   0.0 |      32 |       0 |   0.0
       D:13 |    3862 |   14122 |  78.5 |      29 |      20 |  40.8
       D:14 |     887 |    9751 |  91.7 |      11 |      17 |  60.7
       D:15 |    6366 |    1742 |  21.5 |      23 |       1 |   4.2
     Lair:1 |    1761 |     929 |  34.5 |       8 |       1 |  11.1
     Lair:2 |    6963 |     791 |  10.2 |      27 |       2 |   6.9
     Lair:3 |    3492 |    3372 |  49.1 |      13 |      13 |  50.0
     Lair:4 |    6031 |    2100 |  25.8 |      19 |       5 |  20.8
     Lair:5 |    5156 |    2356 |  31.4 |      25 |       2 |   7.4
     Lair:6 |   10274 |   13668 |  57.1 |      33 |      51 |  60.7
   Shoals:1 |   21293 |       0 |   0.0 |      50 |       0 |   0.0
   Spider:1 |   11674 |    2276 |  16.3 |      32 |       1 |   3.0
   Spider:2 |    4296 |       0 |   0.0 |      12 |       0 |   0.0
      Orc:1 |    3383 |    2259 |  40.0 |      42 |       9 |  17.6
      Orc:2 |    4553 |    6481 |  58.7 |      35 |      18 |  34.0
      IceCv |       0 |    3674 | 100.0 |       0 |      18 | 100.0
   Gauntlet |       0 |    2702 | 100.0 |       0 |      12 | 100.0
            +---------+---------+-------+---------+---------+-------
